 Dungeon Crawl Stone Soup version 0.31-a0-1178-gc5c9b8f871 (webtiles) character file.

Game seed: 15685601281500752190

82 qw the Shooter (level 4, 0/28 HPs)
             Began as a Gargoyle Hunter on Dec 11, 2023.
             Slain by a gnoll
             ... wielding a +0 halberd
              (4 damage)
             ... on level 2 of the Dungeon.
             The game lasted 00:00:25 (923 turns).

qw the Shooter (Gargoyle Hunter)                     Turns: 923, Time: 00:00:25

Health: 0/28       AC: 11    Str: 14    XL:     4   Next: 43%
Magic:  4/4        EV: 11    Int: 10    God:
Gold:   60         SH:  0    Dex: 15    Spells: 3/3 levels left

rFire   . . .        a - +0 shortbow
rCold   . . .        (shield currently unavailable)
rNeg    + . .        i - +0 ring mail
rPois   inf          (no helmet)
rElec   +            d - +1 cloak
rCorr   .            (no gloves)
SInv    +            (no boots)
Will    .....        (no amulet)
Stlth   +            e - ring of see invisible
HPRegen 0.24/turn    (no ring)
MPRegen 0.09/turn

%: no passive effects
@: no status effects
A: sickness immunity, AC +3, negative energy resistance 1, electricity
resistance, torment resistance 1, petrification resistance
a: no special abilities


You were on level 2 of the Dungeon.
You visited 1 branch of the dungeon, and saw 2 of its levels.

You collected 60 gold pieces.


Innate Abilities, Weirdness & Mutations

You are immune to sickness and miasma.
Your stone body is resilient. (AC +3)
You are immune to poison.
You resist negative energy. (rN+)
You are resistant to electric shocks. (rElec)
You are resistant to unholy torment.
You are immune to petrification.


   Skills:
 - Level 3.0 Fighting
 + Level 5.0 Ranged Weapons
 - Level 1.9 Armour
 - Level 1.5 Dodging
 - Level 1.1 Stealth


You had 3 spell levels left.
You didn't know any spells.
Your spell library was empty.

Inventory:

Hand Weapons
 a - a +0 shortbow (weapon)
Armour
 d - a +1 cloak (worn)
 i - a +0 ring mail (worn)
Jewellery
 e - a ring of see invisible (left hand)
Scrolls
 b - a scroll of identify
Potions
 f - 3 potions of heal wounds

Dungeon Overview and Level Annotations

Branches:
Dungeon (2/15)

Altars:

Shops:
D:1 *


Message History

The gnoll is almost dead.
The gnoll closely misses you.
You shoot an arrow. The arrow barely misses the gnoll.
The gnoll misses you.
You shoot an arrow. The arrow hits the gnoll!
You kill the gnoll!
You shoot an arrow.
The arrow hits the gnoll but does no damage.
The gnoll barely misses you. The gnoll hits you but does no damage.
You shoot an arrow. The arrow closely misses the gnoll.
The gnoll hits you with a +0 club. The gnoll barely misses you.
You shoot an arrow. The arrow hits the gnoll.
The gnoll is moderately wounded.
The gnoll closely misses you. The gnoll hits you but does no damage.
You shoot an arrow. The arrow closely misses the gnoll.
The gnoll hits you from afar with a +0 halberd.
The gnoll hits you with a +0 club.
You shoot an arrow.
The arrow hits the gnoll but does no damage.
The gnoll is moderately wounded.
The gnoll closely misses you. The gnoll barely misses you.
The gnoll hits you but does no damage. x2
You shoot an arrow. The arrow hits the gnoll.
The gnoll is severely wounded.
The gnoll closely misses you. The gnoll hits you but does no damage.
You shoot an arrow. The arrow hits the gnoll.
The gnoll is almost dead.
The gnoll hits you but does no damage.
The gnoll hits you from afar with a +0 halberd.
You shoot an arrow. The arrow hits the gnoll!
You kill the gnoll!
The gnoll misses you.
Your Fighting skill increases to level 3!
You shoot an arrow. The arrow hits the dart slug!
The dart slug is severely wounded.
The gnoll closely misses you. The dart slug launches a dart at you.
The slug dart hits you.
The gnoll hits you from afar with a +0 halberd.
You die...

.....gg.....####...
........###...##.#
##.##...g####....#
#..##.######..### ....#
#...####....# #....
###)..>..#..#### ...#
#.g...........# #..
#.w###.##...#.## ..
#.....#@##.#..###..#####
####..#....#... #.......
<...#.........#.......
####.....#......[#.....
#.###.._....+.#..... #..
....##..#.#...<. #.
#.#........#..... ..
.#.. #..#..... #.# .###
...######


You could see a gnoll and a dart slug.

Vanquished Creatures
  Terence (D:2)
  3 gnolls (D:2)
  A dart slug (D:1)
  4 endoplasms
  A giant cockroach (D:1)
  4 goblins (D:1)
  4 ball pythons (D:1)
  3 bats
  4 frilled lizards (D:1)
  2 kobolds (D:1)
  3 rats (D:1)
30 creatures vanquished.

Notes
Turn   | Place    | Note
-------+----------+-------------------------------------------
     0 | D:1      | qw the Gargoyle Hunter began the quest for the Orb.
     0 | D:1      | Reached XP level 1. HP: 12/12 MP: 1/1
     0 | D:1      | 0 ||| qw: Version: 0.3-a-106-g2cfff9e
     0 | D:1      | 0 ||| qw: Game counter: 2056
     0 | D:1      | 0 ||| qw: Melee chars always use a shield: true
     0 | D:1      | 0 ||| qw: God list: Okawaru
     0 | D:1      | 0 ||| qw: Allow faded altars: false
     0 | D:1      | 0 ||| qw: Do Orc after clearing Dungeon:15 true
     0 | D:1      | 0 ||| qw: Do second Lair branch before Depths: true
     0 | D:1      | 0 ||| qw: Lair rune preference: random
     0 | D:1      | 0 ||| qw: Goals: Normal, Save, Zot:1-4, Win
     0 | D:1      | 0 ||| PLANNING D:1-11
    50 | D:1      | Found Cautihifo's Assorted Antiques.
    59 | D:1      | 59 ||| SHOPLISTING orange potion (21 gold, have 0).
    59 | D:1      | 59 ||| SHOPLISTING pair of gloves (108 gold, have 0).
    59 | D:1      | 59 ||| SHOPLISTING ring mail (96 gold, have 0).
    59 | D:1      | 59 ||| SHOPLISTING scroll labelled LEER IFEPU (24 gold,
                  | have 0).
    59 | D:1      | 59 ||| SHOPLISTING scroll labelled URGHAO WUYTIN (24 gold,
                  | have 0).
   131 | D:1      | Reached XP level 2. HP: 17/17 MP: 2/2
   530 | D:1      | Reached XP level 3. HP: 21/21 MP: 3/3
   740 | D:1      | 740 ||| UPGRADING to +1 cloak.
   745 | D:1      | 745 ||| UPGRADING to +0 ring mail.
   755 | D:1      | 755 ||| DROPPING +0 leather armour.
   756 | D:1      | 756 ||| UPGRADING to ring of see invisible.
   757 | D:1      | 757 ||| DROPPING ring of magical power.
   758 | D:1      | 758 ||| READING scroll labelled QEQ PINNE COAM.
   758 | D:1      | 758 ||| IDENTIFYING 3 sapphire potions
   759 | D:1      | 759 ||| READING scroll labelled SONKYLEBRE.
   760 | D:1      | 760 ||| DROPPING scroll of butterflies.
   810 | D:2      | Found a faded altar of an unknown god.
   810 | D:2      | Noticed Terence
   817 | D:2      | Killed Terence
   818 | D:2      | Reached skill level 1 in Armour
   819 | D:2      | 819 ||| FLEEEEING.
   820 | D:2      | 820 ||| FLEEEEING.
   821 | D:2      | 821 ||| FLEEEEING.
   822 | D:2      | 822 ||| FLEEEEING.
   823 | D:2      | 823 ||| STAIRDANCE
   898 | D:2      | 898 ||| RETREEAATING.
   899 | D:2      | 899 ||| STILL RETREEAATING.
   900 | D:2      | 900 ||| Stepping ~*~*~tactically~*~*~ (retreating).
   901 | D:2      | 901 ||| Stepping ~*~*~tactically~*~*~ (retreating).
   902 | D:2      | 902 ||| Stepping ~*~*~tactically~*~*~ (retreating).
   903 | D:2      | 903 ||| Stepping ~*~*~tactically~*~*~ (retreating).
   906 | D:2      | Reached skill level 5 in Ranged Weapons
   908 | D:2      | Reached XP level 4. HP: 21/27 MP: 4/4
   910 | D:2      | 910 ||| Stepping ~*~*~tactically~*~*~ (retreating).
   911 | D:2      | 911 ||| Stepping ~*~*~tactically~*~*~ (retreating).
   923 | D:2      | Reached skill level 3 in Fighting
   923 | D:2      | HP: 4/28 [dart slug/slug dart (4)]
   923 | D:2      | Slain by a gnoll

Levels and vault maps discovered:
D:1:      dpeg_arrival_rooms_a, layout_loops_ring, serial_shops,
          nicolae_shop_dealshenge, minivault_19, minmay_heptomino_o4
D:2:      layout_rooms, hellmonk_ecumenical_altar_blasted, uniq_terence

Skill      XL: |  1  2  3  4 |
---------------+-------------+-----
Armour         | 1 |  1.9
Ranged Weapons | 5 |  5.0
Fighting       | 3 |  3.0
Dodging        | |  1.5
Stealth        | |  1.1

Action                     |  1- 3 |  4- 6 || total
---------------------------+-------+-------++-------
   Fire: Shortbow          |    77 |    14 ||    91
    Use: Scroll            |     2 |       ||     2
 Armour: Leather armour    |    10 |       ||    10
         Ring mail         |     7 |    17 ||    24
  Dodge: Dodged            |    12 |    12 ||    24

Table legend:
 A = Non-vault XP
 B = Vault XP
 C = Vault XP percentage of total XP
 D = Non-vault monster count
 E = Vault monster count
 F = Vault count percentage of total count
                 A         B        C        D         E       F
            +---------+---------+-------+---------+---------+-------
      Total |      76 |      42 |  35.6 |      25 |       5 |  16.7
            +---------+---------+-------+---------+---------+-------
        D:1 |      30 |       6 |  16.7 |      19 |       4 |  17.4
        D:2 |      46 |      36 |  43.9 |       6 |       1 |  14.3
            +---------+---------+-------+---------+---------+-------
